cohdb
Replays
Latest Replays
All Replays
Popular Replays
Top Player Replays
Match Explorer
How It Works
Community
CoH3 Stats
Reddit
Sign in to upload your games and track your stats! →
Sign in with Steam
Match 45782280
Unlisted
Match 45782280
Overview
Messages
Build Orders
End
Panzergrenadier Squad
Panzergrenadier Squad
Construct Light Support Kompanie
250 Light Carrier
Panzerjäger Squad
Fire Support Elements
Selects Panzerjäger Kommand Battlegroup
Selects GrB 39 Grenade Launcher Requisition
2.5-tonne Medical Truck
Assault Mechanized Group
le.IG 18 Support Gun Team
Construct Panzerarmee Kommand
Panzerpioneer Squad
AI Takeover
sos{china}
开impart不叫我
vincent
Shiro Poster
:
rabid koala
LightingTuna
ö开挂死一户口本
0
0
Comments
sign in to comment!
No comments posted yet!